 Dungeon Crawl Stone Soup version 0.14-a0-181-gf6fe0c6 (webtiles) character file.

179 Malachi the Insei (level 3, -4/23 HPs)
             Began as an Octopode Transmuter on Oct 7, 2013.
             Slain by Malachi's ghost (12 damage)
             ... on Level 3 of the Dungeon.
             The game lasted 00:02:45 (2346 turns).

Malachi the Insei (Octopode Transmuter)             Turns: 2346, Time: 00:02:45

HP  -4/23        AC  1     Str  9      XL: 3   Next: 68%
MP   3/4         EV 12     Int 16      God:
Gold 133         SH  0     Dex 12      Spells:  2 memorised,  2 levels left

Res.Fire  : . . .   See Invis. : .     - Unarmed
Res.Cold  : . . .   Warding    : .   (no shield)
Life Prot.: . . .   Conserve   : .   (helmet restricted)
Res.Poison: .       Res.Corr.  : +   h - amulet of resist corrosion
Res.Elec. : .       Clarity    : .   e - ring of wizardry
Sust.Abil.: . .     Spirit.Shd : .   (no ring)
Res.Mut.  : .       Stasis     : .   (no ring)
Res.Rott. : .       Flight     : .   (no ring)
Saprovore : . . .                    (no ring)
                                     (no ring)
                                     (no ring)
                                     (no ring)

@: appendage (expiring), not resistant to hostile enchantments, stealthy
A: almost no armour, amphibious, 8 rings, constrict 8, spike 3, camouflage 1, AC
+1
a: End Transformation


You were on level 3 of the Dungeon.
You were hungry.
One of your tentacles had a temporary spike.
You visited 1 branch of the dungeon, and saw 3 of its levels.

You collected 113 gold pieces.

Inventory:

Hand weapons
 m - a +1,+1 short sword of speed
Missiles
 b - 12 arrows
Comestibles
 a - 3 bread rations
 f - 3 apples
Scrolls
 c - a scroll of identify
 i - 2 scrolls of curse jewellery {unknown}
 k - 4 scrolls of remove curse {unknown}
 l - a scroll of fear {unknown}
 p - a scroll of amnesia {unknown}
Jewellery
 e - a ring of wizardry (left tentacle)
 h - an amulet of resist corrosion (around mantle)
Potions
 g - a potion of restore abilities {unknown}
 j - 2 potions of curing
 n - a potion of brilliance {unknown}
 o - a potion of degeneration {unknown}
 q - a potion of speed {unknown}
Books
 d - a book of Changes

   Spells                             Type                      Level
   *Beastly Appendage                 Transmutation                1
   Sticks to Snakes                   Transmutation                2
   *Spider Form                       Transmutation/Poison         3
   Ice Form                           Ice/Transmutation            4
   Blade Hands                        Transmutation                5


   Skills:
 + Level 1.1 Fighting
 + Level 2.5 Dodging
 + Level 1.5 Stealth
 * Level 3.8 Unarmed Combat
 - Level 2.0 Spellcasting
 + Level 2.2 Transmutations


You had 2 spell levels left.
You knew the following spells:

 Your Spells              Type           Power        Failure   Level  Hunger
a - Beastly Appendage     Trmt           #.....       3%          1    #......
b - Spider Form           Trmt/Pois      #.........   16%         3    ####...


Dungeon Overview and Level Annotations

Branches:
Dungeon (3/27)

Altars:

Annotations:
D:3 Malachi's ghost, average NaFi


Innate Abilities, Weirdness & Mutations

You cannot wear most types of armour.
You are amphibious.
You can wear up to eight rings at the same time.*
You can use your tentacles to constrict many enemies at once.*
Your skin changes colour to match your surroundings (Stlth).*
Your rubbery body absorbs attacks (AC +1).*
One of your tentacles bears a large vicious spike.*


Message History

Sorry, you're not good enough to have a special ability.
Unknown command.
Casting: Beastly Appendage
Confirm with . or Enter, or press ? or * to list all spells.
One of your tentacles grows a vicious spike.
Your transformation is almost over.
Malachi's ghost hits you!
Ouch! That really hurt!
You hit Malachi's ghost but do no damage.
You pierce Malachi's ghost.
Your squeeze misses Malachi's ghost.
Malachi's ghost is lightly damaged.
Malachi's ghost says very slowly, "There's no hope."
Malachi's ghost hits you.
You hit Malachi's ghost.
Malachi's ghost is lightly damaged.
You barely miss Malachi's ghost.
Malachi's ghost is lightly damaged.
Malachi's ghost hits you!
Ouch! That really hurt!
You die...

#### .... # #..
#.#..
###.#.#.#####.#
.........p.......
#@# . #.# ...
#.#####....
#.#........
#.#........#
#..........#
###........#
#............
#.##....####


You could see Malachi's ghost.

Vanquished Creatures
  An adder (D:2)
  A giant gecko (D:2)
  An ooze (D:1)
  8 goblins
  4 hobgoblins
  3 bats
  2 giant cockroaches
  7 kobolds
  A quokka (D:2)
  10 rats
38 creatures vanquished.

Notes
Turn   | Place    | Note
--------------------------------------------------------------
     0 | D:1      | Malachi, the Octopode Transmuter, began the quest for the Orb.
     0 | D:1      | Reached XP level 1. HP: 13/13 MP: 1/1
    83 | D:1      | Reached XP level 2. HP: 5/18 MP: 3/3
  1556 | D:1      | Reached XP level 3. HP: 23/23 MP: 4/4
  1576 | D:2      | Reached skill level 1 in Stealth
  1618 | D:2      | Learned a level 3 spell: Spider Form
  2342 | D:3      | Noticed Malachi's ghost (average NaFi)
  2346 | D:3      | Slain by Malachi's ghost

Action                   || total
-------------------------++-------
Melee: Unarmed           ||    80
       Short sword       ||    20
 Cast: Beastly Appendage ||     2
  Use: Scroll            ||     2
 Stab: Sleeping          ||     6
